 Dungeon Crawl Stone Soup version 0.20.1-1-g8b1a95d (console) character file.

22540 hilaritas the Frost Mage (level 12, -5/68 HPs)
             Began as a Deep Elf Ice Elementalist on Dec 6, 2017.
             Was a High Priest of Sif Muna.
             Slain by a spiny frog (10 damage)
             ... on level 3 of the Lair of Beasts on Dec 7, 2017.
             The game lasted 01:12:25 (21627 turns).

hilaritas the Frost Mage (DEIE)                    Turns: 21627, Time: 01:12:26

Health: -5/68      AC:  8    Str:  8    XL:     12   Next: 63%
Magic:  3/43       EV: 12    Int: 29    God:    Sif Muna [*****.]
Gold:   706        SH:  5    Dex: 15    Spells: 3/31 levels left

rFire    . . .     SeeInvis .   l - staff of power
rCold    + + .     Gourm    .   O - +0 buckler
rNeg     . . .     Faith    +   A - +0 leather armour {rC+}
rPois    .         Spirit   .   (helmet restricted)
rElec    .         Reflect  .   r - +0 cloak
rCorr    .         Harm     .   v - +2 pair of gloves
MR       +....                  D - +0 pair of boots
Stlth    ++........             I - amulet of faith
Regen    0.3/turn               d - +4 ring of intelligence
MPRegen  0.3/turn               y - ring of protection from cold

@: lethally poisoned (-5 -> -19), drained
A: horns 1, strong 1
a: Divine Energy, Channel Magic, Forget Spell, Renounce Religion


You were on level 3 of the Lair of Beasts.
You worshipped Sif Muna.
Sif Muna was extremely pleased with you.
You were not hungry.

You visited 3 branches of the dungeon, and saw 16 of its levels.

You collected 942 gold pieces.
You spent 236 gold pieces at shops.

Inventory:

Hand Weapons
 p - a +1 rapier of piercing
Missiles
 e - 240 arrows
Armour
 r - a +0 cloak (worn)
 v - a +2 pair of gloves (worn)
 A - a +0 leather armour of cold resistance (worn)
 D - a +0 pair of boots (worn)
 O - a +0 buckler (worn)
Magical Staves
 l - an uncursed staff of power (weapon)
Jewellery
 d - a +4 ring of intelligence (left hand)
 y - a ring of protection from cold (right hand)
 I - an amulet of faith (around neck)
 S - a +2 ring of dexterity
Wands
 b - a wand of iceblast (4/15)
 f - a wand of lightning (10/15)
 n - a wand of polymorph (22/24)
 s - a wand of confusion (12/48)
 H - a wand of confusion (23/48)
 K - a wand of confusion (20/48)
 N - a wand of random effects (25/48)
 R - a wand of disintegration (9/24)
 U - a wand of iceblast (9/15)
Scrolls
 g - 5 scrolls of teleportation
 h - 3 scrolls of enchant weapon
 q - 3 scrolls of remove curse
 u - 2 scrolls of fear
 x - a scroll of enchant armour
 C - 5 scrolls of identify
 E - 4 scrolls of fog
 F - a scroll of magic mapping
 G - 5 scrolls of amnesia
 P - a scroll of holy word
Potions
 a - a potion of berserk rage
 i - 2 potions of curing
 j - 3 potions of heal wounds
 k - 2 potions of haste
 o - a potion of mutation
 t - 2 potions of flight
 B - 2 potions of brilliance
 M - a potion of resistance
 T - a potion of ambrosia {unknown}
 W - a potion of magic {unknown}
Books
 V - a book of Ice

   Spells                             Type                      Level
   a - Ice Form                       Ice/Transmutation            4
   b - Metabolic Englaciation         Hexes/Ice                    5
   c - Ozocubu's Refrigeration        Ice                          6
   d - Bolt of Cold                   Conjuration/Ice              6
   e - Freezing Cloud                 Conjuration/Ice/Air          6
   f - Simulacrum                     Ice/Necromancy               6
Comestibles
 c - 12 bread rations
 m - a chunk of flesh
 w - 6 royal jellies
 z - 9 meat rations


   Skills:
 * Level 5.1(4.1) Fighting
 + Level 4.2(3.3) Armour
 * Level 4.0(3.0) Dodging
 - Level 2.4(1.5) Stealth
 * Level 4.4(3.5) Shields
 - Level 10.1(9.0) Spellcasting
 - Level 10.0(8.8) Conjurations
 - Level 5.1(4.1) Charms
 - Level 5.0(4.0) Summonings
 - Level 10.4(9.2) Ice Magic
 * Level 4.0(3.1) Air Magic
 - Level 10.0(8.8) Invocations


You had 3 spell levels left.
You knew the following spells:

 Your Spells              Type           Power        Failure   Level  Hunger
a - Freeze                Ice            ####         1%          1    None
b - Throw Frost           Conj/Ice       ######       1%          2    None
c - Ozocubu's Armour      Chrm/Ice       ######..     1%          3    None
d - Throw Icicle          Conj/Ice       ######..     1%          4    None
e - Summon Ice Beast      Ice/Summ       ######..     3%          4    None
f - Blink                 Tloc           N/A          9%          2    None
g - Apportation           Tloc           ##....       6%          1    None
h - Sticks to Snakes      Tmut           ##......     9%          2    None
i - Regeneration          Chrm/Necr      ####......   8%          3    None
j - Freezing Cloud        Conj/Ice/Air   ######....   45%         6    #####..


Dungeon Overview and Level Annotations

Branches:
Dungeon (12/15)            Temple (1/1) D:4            Lair (3/6) D:10
    Orc (0/2) D:12
  Swamp: Lair:2-4    Shoals: Lair:2-4     Snake: Lair:2-4    Spider: Lair:2-4

Altars:
Ashenzari
Cheibriados
Dithmenos
Elyvilon
Fedhas
Gozag
Hepliaklqana
Kikubaaqudgha
Makhleb
Nemelex Xobeh
Okawaru
Qazlal
Ru
Sif Muna
Trog
Uskayaw
Vehumet
Xom
Yredelemnul
Zin
The Shining One
Beogh

Shops:
D:4 :   D:7 }   D:10 *   D:11 *


Innate Abilities, Weirdness & Mutations

You have a pair of small horns on your head.
Your muscles are strong. (Str +2)


Message History

The spiny frog poisons you!
Casting: Freeze
Confirm with . or Enter, or press ? or * to list all spells.
Aiming: Freeze
Press: ? - help, Shift-Dir - straight line, f/p - spiny frog
Aim: a spiny frog (moderately wounded, slow)
You freeze the spiny frog.
The spiny frog is heavily wounded.
* * * LOW HITPOINT WARNING * * *
You feel sick. The spiny frog barely misses you.
Casting: Freeze
Confirm with . or Enter, or press ? or * to list all spells.
Aiming: Freeze
Press: ? - help, Shift-Dir - straight line, f/p - spiny frog
Aim: a spiny frog (heavily wounded, slow)
You freeze the spiny frog.
The spiny frog is severely wounded.
* * * LOW HITPOINT WARNING * * *
You feel sick. The spiny frog stings you!
You die...

................
................
................
......$.†...#
........<..##
............#
..........###
......†..##
#........#
##....F.##
###...@#
#PP.....#
###.......#
###.......
....... .......
....... .......


You could see a spiny frog.

Vanquished Creatures
  Harold (D:12)
  2 two-headed ogres
  Nergalle (D:12)
  An unseen horror (D:11)
  A cyclops (D:11)
  An ugly thing (D:9)
  2 black mambas (Lair:2)
  The ghost of bobthegiant the Covert, a novice SpEn of Gozag (D:6)
  4 spiny frogs
  2 komodo dragons
  A rime drake (Lair:1)
  A kobold demonologist (D:10)
  A troll (D:11)
  7 hippogriffs
  9 blink frogs
  A shadow (D:10)
  10 yaks
  4 hogs (D:7)
  4 wyverns
  Eustachio (D:4)
  3 vampires
  A human (D:7)
  2 hungry ghosts
  A black bear (D:6)
  3 porcupines
  8 orc warriors
  4 ice beasts
  4 sky beasts
  A phantom (D:5)
  4 necrophages
  6 ogres
  An eye of draining (D:8)
  A wolf (Lair:1)
  7 centaurs
  2 crocodiles
  9 bullfrogs
  4 big kobolds
  A gnoll sergeant (D:10)
  A water moccasin zombie (D:10)
  A wyvern skeleton (D:9)
  4 scorpions
  4 killer bees (D:8)
  9 wights
  5 howler monkeys
  8 crimson imps
  A centaur zombie (D:12)
  A gnoll shaman (D:10)
  5 hounds
  3 jellies
  Crazy Yiuf (D:4)
  14 orc priests
  2 bullfrog skeletons
  17 orc wizards
  10 worker ants
  7 iguanas
  8 hell rats
  2 hound zombies
  A hound skeleton (D:8)
  A howler monkey zombie (D:6)
  18 gnolls
  11 adders
  A howler monkey skeleton (D:9)
  8 river rats (Lair:1)
  3 shadow imps
  2 oozes
  An adder zombie (D:9)
  An adder skeleton (D:8)
  2 worms (D:3)
  4 dart slugs
  6 leopard geckos
  69 orcs
  5 giant cockroaches
  12 goblins
  11 hobgoblins
  14 jackals
  33 kobolds
  5 quokkas
  A ball python (D:2)
  5 bats
  4 frilled lizards
  A jackal skeleton (D:6)
  2 leopard gecko skeletons
  2 quokka skeletons
  11 rats
454 creatures vanquished.

Vanquished Creatures (collateral kills)
  2 blink frogs
  A yak (Lair:2)
  3 wolves (Lair:1)
  A bullfrog (Lair:3)
  3 river rats (Lair:1)
10 creatures vanquished.

Vanquished Creatures (others)
  A hell rat (Lair:3)
  A hobgoblin (D:2)
  3 fungi (D:12)
5 creatures vanquished.

Grand Total: 469 creatures vanquished

Notes
Turn   | Place    | Note
-------+----------+-------------------------------------------
     0 | D:1      | hilaritas the Deep Elf Ice Elementalist began the quest for the Orb.
     0 | D:1      | Reached XP level 1. HP: 10/10 MP: 6/6
   310 | D:1      | Reached XP level 2. HP: 12/15 MP: 4/8
   364 | D:1      | Learned a level 2 spell: Throw Frost
   961 | D:1      | Reached XP level 3. HP: 19/19 MP: 6/9
  1089 | D:1      | Learned a level 3 spell: Ozocubu's Armour
  1310 | D:2      | Found a sparkling altar of Nemelex Xobeh.
  1358 | D:2      | Reached skill level 5 in Ice Magic
  1597 | D:2      | Reached XP level 4. HP: 24/24 MP: 6/10
  1896 | D:2      | Learned a level 4 spell: Throw Icicle
  2820 | D:3      | Reached XP level 5. HP: 28/28 MP: 11/14
  2837 | D:3      | Reached skill level 5 in Spellcasting
  2973 | D:3      | Learned a level 4 spell: Summon Ice Beast
  3348 | D:3      | Found a snail-covered altar of Cheibriados.
  3516 | D:4      | Found a staircase to the Ecumenical Temple.
  3527 | Temple   | Entered the Ecumenical Temple
  3584 | Temple   | Became a worshipper of Sif Muna the Loreminder
  3663 | D:4      | Reached skill level 1 in Charms
  3663 | D:4      | Reached skill level 1 in Summonings
  3663 | D:4      | Reached XP level 6. HP: 32/32 MP: 6/17
  3774 | D:4      | Found Nud Dovo's Book Shoppe.
  3795 | D:4      | Reached skill level 1 in Invocations
  3940 | D:4      | Noticed Eustachio
  3953 | D:4      | Killed Eustachio
  4094 | D:4      | Found a sparkling altar of Nemelex Xobeh.
  4179 | D:4      | Found a runed door.
  4258 | D:4      | Reached XP level 7. HP: 36/36 MP: 11/18
  4721 | D:4      | Noticed Crazy Yiuf
  4726 | D:4      | Killed Crazy Yiuf
  4916 | D:5      | Entered Level 5 of the Dungeon
  4934 | D:5      | Reached * piety under Sif Muna
  4970 | D:5      | Found a shadowy altar of Dithmenos.
  4973 | D:5      | Found a blossoming altar of Fedhas.
  4976 | D:5      | Found a glowing silver altar of Zin.
  5092 | D:5      | Found a shattered altar of Ashenzari.
  5447 | D:5      | Reached XP level 8. HP: 41/41 MP: 17/19
  6021 | D:6      | Found a bloodstained altar of Trog.
  6253 | D:6      | Reached ** piety under Sif Muna
  6253 | D:6      | Reached skill level 5 in Conjurations
  6761 | D:6      | Noticed bobthegiant's ghost (novice SpEn)
  6775 | D:6      | Gained mutation: Your muscles are strong. (Str +2) [potion of mutation]
  6775 | D:6      | Gained mutation: You have a pair of small horns on your head. [potion of mutation]
  6788 | D:6      | Killed bobthegiant's ghost
  6788 | D:6      | Reached XP level 9. HP: 21/45 MP: 1/20
  7126 | D:6      | Reached *** piety under Sif Muna
  7805 | D:7      | Learned a level 2 spell: Blink
  8245 | D:7      | Reached skill level 5 in Invocations
  8687 | D:7      | Found Ydo Qothuorch's Gadget Shop.
  9086 | D:7      | Reached skill level 10 in Ice Magic
  9108 | D:7      | HP: 1/44 [human/hand axe (10)]
  9118 | D:7      | Reached XP level 10. HP: 15/50 MP: 0/21
  9464 | D:8      | Reached **** piety under Sif Muna
  9791 | D:8      | Found a bloodstained altar of Trog.
  9992 | D:8      | Found a roughly hewn altar of Beogh.
 10398 | D:8      | Reached skill level 10 in Conjurations
 11037 | D:8      | Learned a level 1 spell: Apportation
 11154 | D:8      | Reached ***** piety under Sif Muna
 11311 | D:8      | Identified Sif Muna's Collected Works on Mutagenic Poison (Sif Muna gifted it to you on level 8 of the Dungeon)
 11311 | D:8      | Received a gift from Sif Muna
 11316 | D:8      | Learned a level 2 spell: Sticks to Snakes
 12071 | D:9      | Found a hide-covered altar of Uskayaw.
 12107 | D:9      | Reached skill level 10 in Spellcasting
 12278 | D:9      | Noticed a white ugly thing
 12285 | D:9      | Killed a white ugly thing
 12285 | D:9      | Reached skill level 1 in Fighting
 12383 | D:9      | Found a radiant altar of Vehumet.
 12585 | D:9      | Noticed a two-headed ogre
 12589 | D:9      | Killed a two-headed ogre
 12589 | D:9      | Reached XP level 11. HP: 33/56 MP: 22/27
 12752 | D:9      | Reached skill level 1 in Armour
 12968 | D:9      | Learned a level 3 spell: Regeneration
 13286 | D:10     | Entered Level 10 of the Dungeon
 14071 | D:10     | Found Diam Omo's Assorted Antiques.
 14122 | D:10     | Reached skill level 5 in Summonings
 14573 | D:10     | Noticed a two-headed ogre
 14580 | D:10     | Killed a two-headed ogre
 14580 | D:10     | Reached skill level 1 in Shields
 14685 | D:10     | Found a staircase to the Lair.
 15741 | D:11     | Found a shimmering altar of Xom.
 15768 | D:11     | Found a shimmering altar of Xom.
 15770 | D:11     | Found a shimmering altar of Xom.
 15770 | D:11     | Found a shimmering altar of Xom.
 15770 | D:11     | Found a shimmering altar of Xom.
 15770 | D:11     | Found a shimmering altar of Xom.
 15771 | D:11     | Found a shimmering altar of Xom.
 16217 | D:11     | Found Hoysosm's Assorted Antiques.
 16225 | D:11     | Bought a shiny golden ring for 200 gold pieces
 16225 | D:11     | Bought a bubbling blue potion for 36 gold pieces
 16276 | D:11     | Killed an unseen horror
 16276 | D:11     | Reached skill level 5 in Charms
 16949 | D:12     | Found a blossoming altar of Fedhas.
 16971 | D:12     | Noticed Harold
 17061 | D:12     | Killed Harold
 17247 | D:12     | Found a blossoming altar of Fedhas.
 17548 | D:12     | Received a gift from Sif Muna
 17572 | D:12     | Learned a level 6 spell: Freezing Cloud
 17851 | D:12     | Found a staircase to the Orcish Mines.
 17868 | D:12     | Noticed Nergalle
 17886 | D:12     | Killed Nergalle
 17886 | D:12     | Reached skill level 1 in Air Magic
 17886 | D:12     | Reached XP level 12. HP: 51/66 MP: 5/28
 18434 | Lair:1   | Entered Level 1 of the Lair of Beasts
 20931 | Lair:2   | Reached skill level 5 in Fighting
 21194 | Lair:2   | Reached skill level 10 in Invocations
 21627 | Lair:3   | Slain by a spiny frog

Skill      XL: |  1  2  3  4  5  6  7  8  9 10 11 12 |
---------------+-------------------------------------+-----
Ice Magic      | 4 5 6 8 10 | 10.4
Conjurations   | 2 3 6 9 10 | 10.0
Spellcasting   | 4 6 10 | 10.1
Charms         | 1 2 5 |  5.1
Summonings     | 1 2 3 4 5 |  5.0
Invocations    | 2 3 4 5 7 9 10 | 10.0
Fighting       | 1 4 5 |  5.1
Armour         | 3 4 |  4.2
Shields        | 2 4 |  4.4
Air Magic      | 1 4 |  4.0
Dodging        | 4 |  4.0
Stealth        | |  2.4

Action                   |  1- 3 |  4- 6 |  7- 9 | 10-12 || total
-------------------------+-------+-------+-------+-------++-------
Melee: Unarmed           |     1 |       |       |       ||     1
       Dagger            |    16 |    15 |       |       ||    31
       Rapier            |       |     4 |     1 |       ||     5
       Staff             |       |       |    37 |    39 ||    76
       Headbutt          |       |       |     3 |    13 ||    16
 Cast: Freeze            |    47 |   126 |    62 |   125 ||   360
       Ozocubu's Armour  |     1 |     2 |     9 |    43 ||    55
       Throw Frost       |       |     4 |    93 |   153 ||   250
       Throw Icicle      |       |     1 |    64 |   329 ||   394
       Blink             |       |       |       |     2 ||     2
       Sticks to Snakes  |       |       |       |     9 ||     9
       Summon Ice Beast  |       |       |       |    12 ||    12
 Abil: Evoke Berserk Rag |       |       |     1 |       ||     1
  Use: Scroll            |       |    10 |     5 |     4 ||    19
       Potion            |       |       |    11 |    10 ||    21
  Eat: Chunk             |     2 |     8 |    18 |    36 ||    64
       Fruit             |       |       |     3 |     1 ||     4
       Royal jelly       |       |       |       |     3 ||     3
Armor: Robe              |    14 |    41 |    34 |    28 ||   117
       Skin              |       |       |    10 |       ||    10
       Leather armour    |       |       |       |    94 ||    94
Dodge: Dodged            |    29 |   108 |    95 |   201 ||   433
Block: Buckler           |       |       |       |    46 ||    46
